 Dungeon Crawl Stone Soup version 0.29-a0-330-g52719c12eb (webtiles) character file.

Game seed: 1118171233590097337

742 Ajdolov the Frost Mage (level 7, -5/46 HPs)
             Began as a Barachi Ice Elementalist on Apr 21, 2022.
             Slain by a necrophage (6 damage)
             ... on level 5 of the Dungeon.
             The game lasted 00:08:37 (5057 turns).

Ajdolov the Frost Mage (Barachi Ice Elementalist)   Turns: 5057, Time: 00:08:38

Health: -5/46      AC:  5    Str: 12    XL:     7   Next: 76%
Magic:  16/19      EV: 12    Int: 14    God:
Gold:   252        SH:  0    Dex: 15    Spells: 3/10 levels left

rFire   + + .      SeeInvis .   m - +0 spear
rCold   + . .      Faith    .   (no shield)
rNeg    . . .      Spirit   .   a - +0 robe
rPois   +          Reflect  .   (no helmet)
rElec   +          Harm     .   l - +1 cloak
rCorr   +          Rampage  .   n - +0 pair of gloves
Will    .....                   (no boots)
Stlth   ++........              (no amulet)
HPRegen 0.15/turn               q - ring "Miw Heil" {rF+ MP+9 Str+2 Int-3 Dex+3}
MPRegen 0.16/turn               p - ring of flight

@: resistant, flying, slow
A: amphibious, slowness 1, strong legs 1, +LOS
a: Hop


You were on level 5 of the Dungeon.
You visited 1 branch of the dungeon, and saw 5 of its levels.

You collected 252 gold pieces.

Inventory:

Hand Weapons
 m - a +0 spear (weapon)
Missiles
 r - a throwing net
Armour
 a - a +0 robe (worn)
 l - a +1 cloak (worn)
 n - a +0 pair of gloves (worn)
 v - a +2 leather armour of poison resistance
Jewellery
 p - a ring of flight (right hand)
 q - the ring "Miw Heil" (left hand) {rF+ MP+9 Str+2 Int-3 Dex+3}
   (You found it on level 3 of the Dungeon)

   [ring of magical power]

   Str:       It affects your strength (+2).
   Int:       It affects your intelligence (-3).
   Dex:       It affects your dexterity (+3).
   rF:        It protects you from fire.
   MP:        It affects your magic capacity (+9).
 t - a ring of wizardry
Scrolls
 d - a scroll of blinking {unknown}
 e - 7 scrolls of teleportation {unknown}
 h - a scroll of brand weapon {unknown}
 i - 4 scrolls of identify {unknown}
 j - 2 scrolls of fog {unknown}
 k - 2 scrolls of amnesia {unknown}
 s - a scroll of vulnerability {unknown}
 u - a scroll of enchant weapon {unknown}
 w - 4 scrolls of enchant armour {unknown}
 y - a scroll of magic mapping {unknown}
Potions
 b - a potion of magic
 c - a potion of flight {unknown}
 f - a potion of brilliance {unknown}
 g - a potion of might {unknown}
 o - a potion of resistance
 x - 2 potions of haste {unknown}


   Skills:
 * Level 0.0 Fighting
 * Level 1.9 Polearms
 - Level 2.1 Dodging
 - Level 1.7 Stealth
 - Level 2.1 Spellcasting
 + Level 10.7 Ice Magic


You had 3 spell levels left.
You knew the following spells:

 Your Spells              Type           Power      Damage    Failure   Level
a - Freeze                Ice            100%       1d11      1%          1
b - Frozen Ramparts       Ice            62%        1d8       1%          3
c - Ozocubu's Armour      Ice            31%        N/A       1%          3

Your spell library contained the following spells:

 Spells                   Type           Power      Damage    Failure   Level
 Static Discharge         Conj/Air       1%         N/A       34%         2
 Hailstorm                Conj/Ice       16%        3d6       26%         4
 Dispel Undead            Necr           1%         3d6       93%         4
 Sticky Flame             Conj/Fire      1%         2d3       93%         4


Dungeon Overview and Level Annotations

Branches:
Dungeon (5/15)
 Temple: D:4-7

Altars:
Kikubaaqudgha
Okawaru
Qazlal
Uskayaw

Shops:
D:3 (


Innate Abilities, Weirdness & Mutations

You are amphibious.
You cover ground slowly.
You can hop short distances.
You have an extended range of vision and can be seen from far away.


Message History

The orc hits you but does no damage. The jackal attacks as you move away!
The jackal closely misses you. The orc closely misses you.
The jackal bites you but does no damage. x2
The jackal attacks as you move away! The jackal barely misses you.
The jackal attacks as you move away! The jackal misses you.
The jackal completely misses you. The orc barely misses you.
The jackal attacks as you move away! The jackal bites you.
The orc attacks as you move away! The orc barely misses you.
The phantom hits you. The hound misses you. The hound attacks as you move away!
The hound completely misses you. The phantom attacks as you move away!
The phantom hits you.
* * * LOW HITPOINT WARNING * * *
The hound closely misses you. The phantom attacks as you move away!
The phantom barely misses you.
A necrophage comes into view.
The phantom attacks as you move away! The phantom hits you.
* * * LOW HITPOINT WARNING * * *
The phantom misses you.
Casting: Freeze (safe; 1% risk of failure)
Confirm with . or Enter, or press ? or * to list all spells.
Casting: Frozen Ramparts (safe; 1% risk of failure)
Press: ? - help, Dir - look around, f - activate The walls around you are covered in ice.
The wall freezes the jackal.
You kill the jackal!
The wall freezes the hound.
The wall freezes the jackal.
The phantom completely resists.
The wall freezes the phantom but does no damage.
The phantom hits you.
* * * LOW HITPOINT WARNING * * *
The phantom blinks!
You blink.
The frozen ramparts melt away as you move.
It was a potion of resistance.
You feel protected.
The phantom hits you but does no damage.
The necrophage hits you.
* * * LOW HITPOINT WARNING * * *
The necrophage hits you.
You die...

#..................
#.........##.......
##............#.....
#W..........###.....
#h...........# ....
#.###.##..##... h.
#.# #.##.#...##.
##.##.......###
#.Wh@.#...##.
#..n....##. .#
#..........#
#.....######
.......# #......##
#.....## #......
#..####


You could see a necrophage, a phantom and a hound.

Vanquished Creatures
  Eustachio (D:4)
  A scorpion (D:3)
  A hound (D:3)
  2 orc priests
  An iguana (D:4)
  Natasha (thrice) (D:2)
  An orc wizard (D:3)
  3 adders
  11 gnolls (D:3)
  4 worms
  A dart slug (D:1)
  10 orcs
  7 ball pythons
  5 bats
  6 endoplasms
  4 giant cockroaches
  36 goblins
  25 hobgoblins
  8 jackals
  14 kobolds
  A quokka (D:3)
  3 frilled lizards (D:2)
  6 rats
154 creatures vanquished.

Vanquished Creatures (others)
  A gnoll (D:3)
1 creature vanquished.

Grand Total: 155 creatures vanquished

Notes
Turn   | Place    | Note
-------+----------+-------------------------------------------
     0 | D:1      | Ajdolov the Barachi Ice Elementalist began the quest for
                  | the Orb.
     0 | D:1      | Reached XP level 1. HP: 13/13 MP: 3/3
    20 | D:1      | Reached skill level 5 in Ice Magic
   317 | D:1      | Found an iron altar of Okawaru.
   390 | D:1      | Reached XP level 2. HP: 19/19 MP: 3/5
   775 | D:1      | Found a faded altar of an unknown god.
  1011 | D:2      | Found an ancient bone altar of Kikubaaqudgha.
  1020 | D:1      | Reached XP level 3. HP: 23/24 MP: 2/6
  1079 | D:1      | Reached skill level 6 in Ice Magic
  1137 | D:1      | Learned a level 3 spell: Frozen Ramparts
  1603 | D:2      | Reached XP level 4. HP: 28/30 MP: 2/7
  1853 | D:2      | Noticed Natasha
  1859 | D:2      | Killed Natasha
  1860 | D:2      | Reached skill level 7 in Ice Magic
  1974 | D:2      | Noticed Natasha
  1977 | D:2      | Killed Natasha
  2089 | D:2      | Noticed Natasha
  2094 | D:2      | Killed Natasha
  2095 | D:2      | Reached XP level 5. HP: 35/35 MP: 4/8
  2130 | D:3      | Identified the ring "Miw Heil" {rF+ MP+9 Str+2 Int-3 Dex+3}
  2158 | D:3      | Found Reug's Antique Weapon Emporium.
  2168 | D:3      | Reached skill level 8 in Ice Magic
  2172 | D:3      | Learned a level 3 spell: Ozocubu's Armour
  2249 | D:3      | Reached XP level 6. HP: 27/41 MP: 2/9
  2856 | D:3      | Found a hide-covered altar of Uskayaw.
  3250 | D:3      | Reached skill level 9 in Ice Magic
  3740 | D:3      | Reached XP level 7. HP: 42/46 MP: 10/10
  3954 | D:3      | Reached skill level 10 in Ice Magic
  4340 | D:4      | Noticed Eustachio
  4376 | D:4      | Killed Eustachio
  4377 | D:4      | Reached skill level 1 in Polearms
  4576 | D:4      | Found a stormy altar of Qazlal.
  5013 | D:5      | Entered Level 5 of the Dungeon
  5056 | D:5      | HP: 1/46 [necrophage (3)]
  5057 | D:5      | Slain by a necrophage

Illustrated notes

Levels and vault maps discovered:
D:1:      dpeg_arrival_lava_altar, layout_basic,
          shapermc_ecumenical_altar_totnotflames, minmay_crystal_room,
          st_stairs_9
D:2:      layout_basic, basic_altar, serial_corexii_hall,
          corexii_hall_statues_t, chequers_hall_statues_y, uniq_natasha
D:3:      minmay_goblin_kobold_castle, layout_basic, lemuel_round_altar,
          serial_shops, shop
D:4:      layout_basic, lemuel_tele_altar, uniq_eustachio
D:5:      layout_rooms, nicolae_gozag_seed_capital,
          mainiacjoe_overflow_boulevard, nicolae_ossuary_entry_catacombs,
          uniq_blork_the_orc

Skill      XL: |  1  2  3  4  5  6  7 |
---------------+----------------------+-----
Ice Magic      | 5 6 7 8 9 10 | 10.7
Polearms       | 1 |  1.9
Dodging        | |  2.1
Stealth        | |  1.7
Spellcasting   | |  2.1

Action                   |  1- 3 |  4- 6 |  7- 9 || total
-------------------------+-------+-------+-------++-------
Melee: Unarmed           |     5 |       |       ||     5
       Dagger            |    19 |    59 |       ||    78
       Spear             |       |    24 |    82 ||   106
       Punch             |       |     2 |     1 ||     3
 Cast: Freeze            |    36 |     2 |     1 ||    39
       Frozen Ramparts   |     4 |    28 |    19 ||    51
       Ozocubu's Armour  |       |     9 |     7 ||    16
 Abil: Hop               |       |     1 |       ||     1
  Use: Potion            |       |       |     1 ||     1
Armor: Robe              |    14 |    43 |    30 ||    87
Dodge: Dodged            |    37 |    85 |    66 ||   188

Table legend: (Time is in decaauts)
 A = Elapsed time spent in this place.
 B = Non-inter-level travel time spent in this place.
 C = Inter-level travel time spent in this place.
 D = Time resting spent in this place.
 E = Time spent auto-exploring this place.
 F = Levels seen in this place.
 G = Mean time per level.
                   A        B        C        D        E       F      G
               +--------+--------+--------+--------+--------+-----+--------+
         Total |   5544 |   5324 |    220 |    275 |   4041 |   5 | 1108.8 |
       Dungeon |   5544 |   5324 |    220 |    275 |   4041 |   5 | 1108.8 |
               +--------+--------+--------+--------+--------+-----+--------+

Top non-repeatable levels by time:
     D:3: 2294 daAuts
     D:1: 1217 daAuts
     D:2: 1086 daAuts
     D:4: 898 daAuts
     D:5: 47 daAuts
